 Dungeon Crawl Stone Soup version 0.31-a0-1612-g4aaf141004 (webtiles) character file.

Game seed: 6802764998212341103

777742 Amplified the Conqueror (level 27, -7/218 HPs)
             Began as a Minotaur Alchemist on Jan 6, 2024.
             Was an Initiate of Gozag.
             Mangled by an Orb Guardian (37 damage)
             ... on level 5 of the Realm of Zot on Jan 9, 2024.
             The game lasted 04:18:28 (61644 turns).

Amplified the Conqueror (Minotaur Alchemist)       Turns: 61644, Time: 04:18:28

Health: -7/218     AC: 40    Str: 37 (38) XL:     27
Magic:  26/29      EV: 21    Int: 11 (12) God:    Gozag
Gold:   401        SH:  0    Dex: 13 (14) Spells: 34/47 levels left

rFire   + + .        Z - +6 battleaxe "Ohow" {vamp, Str+8}
rCold   + . .        (shield currently unavailable)
rNeg    + + .        b - +12 gold dragon scales
rPois   +            (helmet unavailable)
rElec   .            F - scarf of Leupunk {repulsion, Regen+ Str+3}
rCorr   +            I - +1 pair of gloves "Tinur" {rCorr Str+3}
SInv    .            A - +2 pair of boots
Will    +++++        x - amulet of the Four Winds {rN+ Will+++ Clar} Stlth
                     P - ring "Zoss" {*Slow rPois rN+ EV+5 Slay+3}
HPRegen 0.00/turn    h - ring of protection from fire
MPRegen 0.21/turn

%: slow self (1%), repel missiles, clarity
@: mighty, gold aura, inhibited regen, studying Polearms
A: horns 3, retaliatory headbutt, hooves 2, berserk 2, deformed body,
deterioration 2, frail 2, low MP 2, strong-willed 1, sense surroundings 1,
inhibited regeneration, teleportitis 1, no potion heal 2
}: 5/15 runes: barnacled, slimy, silver, abyssal, gossamer
a: Renounce Religion, Potion Petition, Call Merchant, Bribe Branch


You were on level 5 of the Realm of Zot.
You worshipped Gozag.
Gozag was aware of your devotion.
You visited 12 branches of the dungeon, and saw 56 of its levels.
You visited the Abyss 2 times.
You visited 1 ziggurat, and saw 6 of its levels.
You also visited: Trove, Gauntlet and Wizlab.

You collected 34352 gold pieces.
You spent 7566 gold pieces at shops.
You paid 26385 gold pieces to Gozag.

Inventory:

Hand Weapons
 a - a +9 broad axe of freezing
 f - a +9 battleaxe of electrocution
 y - the +12 morningstar of Oseuf {flame, rElec rPois Int+2}
   (You found it on level 5 of the Pits of Slime)

   Int+2:     It affects your intelligence (+2).
   rElec:     It insulates you from electricity.
   rPois:     It protects you from poison
 Z - the +6 battleaxe "Ohow" (weapon) {vamp, Str+8}
   (You found it on level 2 of the Shoals)

   Str+8:     It affects your strength (+8).
Missiles
 B - 23 silver javelins (quivered)
 V - 5 throwing nets
Armour
 b - +12 gold dragon scales (worn)
 c - the +3 warlock's mirror {omnireflect}
   (You found it on level 3 of the Elven Halls)

   Omnireflect: It can block and reflect piercing ranged attacks and magical
   attacks against the wielder's willpower.
 m - the +2 hat of the Bear Spirit {Spirit, Bear, *Rage Will++}
   (You bought it in a shop on level 3 of the Vaults)

   Bear:      Going berserk makes the wearer exceptionally tough, and they are
   slowed for a shorter time afterward.
   Will++:    It greatly increases your willpower.
   *Rage:     It berserks you when you make melee attacks (+20% chance).
 p - a +2 cloak of poison resistance
 s - the +1 ring mail of Afayxkua {rF+ Will+++ Str+2 Stlth-}
   (You found it on level 12 of the Dungeon)

   Str+2:     It affects your strength (+2).
   rF+:       It protects you from fire.
   Will+++:   It greatly increases your willpower.
   Stlth-:    It makes you less stealthy.
 A - a +2 pair of boots (worn)
 F - the scarf of Leupunk (worn) {repulsion, Regen+ Str+3}
   (You bought it in a shop on level 13 of the Dungeon)

   Str+3:     It affects your strength (+3).
   Regen+:    It increases your rate of health regeneration.
 I - the +1 pair of gloves "Tinur" (worn) {rCorr Str+3}
   (You bought it in a shop on level 1 of the Elven Halls)

   Str+3:     It affects your strength (+3).
   rCorr:     It protects you from acid and corrosion.
 K - the +1 buckler "Qixaic" {rF+ Regen+ Str-5}
   (You found it on level 3 of the Elven Halls)

   Str-5:     It affects your strength (-5).
   rF+:       It protects you from fire.
   Regen+:    It increases your rate of health regeneration.
 W - the +0 chain mail "Voodum" {-Tele Fly Str+6 Slay+5}
   (You bought it in a shop on level 1 of the Elven Halls)

   Str+6:     It affects your strength (+6).
   Slay+5:    It affects your accuracy & damage with ranged weapons and melee
   (+5).
   Fly:       It grants you flight.
   -Tele:     It prevents most forms of teleportation.
Jewellery
 e - the ring of the Jester {rC+ Int+6}
   (You found it on level 3 of the Crypt)

   [ring of intelligence]

   Int+6:     It affects your intelligence (+6).
   rC+:       It protects you from cold.
 h - a ring of protection from fire (right hand)
 i - the amulet "Kuez" {Reflect rF++ Int+2 SH+5}
   (You found it in a treasure trove)

   [amulet of reflection]

   Reflect:   It reflects blocked missile attacks.
   Int+2:     It affects your intelligence (+2).
   rF++:      It greatly protects you from fire.
   SH+5:      It affects your SH (+5).
 j - the ring "Coscheuch" {Fly rC+ rCorr Str-4 Dex+2}
   (You found it on level 3 of a ziggurat)

   [ring of protection from cold]

   Str-4:     It affects your strength (-4).
   Dex+2:     It affects your dexterity (+2).
   rC+:       It protects you from cold.
   Fly:       It grants you flight.
   rCorr:     It protects you from acid and corrosion.
 x - the amulet of the Four Winds (around neck) {rN+ Will+++ Clar}
   (You bought it in a shop on level 9 of the Dungeon)

   [amulet of nothing]

   rN+:       It protects you from negative energy.
   Will+++:   It greatly increases your willpower.
   Clar:      It protects you from confusion, rage, mesmerisation and fear.
 J - a ring of positive energy
 P - the ring "Zoss" (left hand) {*Slow rPois rN+ EV+5 Slay+3}
   (You bought it in a shop on level 2 of the Orcish Mines)

   [ring of evasion]

   EV+5:      It affects your evasion (+5).
   Slay+3:    It affects your accuracy & damage with ranged weapons and melee
   (+3).
   rPois:     It protects you from poison rN+: It protects you from negative
   energy.
   *Slow:     It may slow you when you take damage.
 U - the ring "Hiklangoe" {Fly rC+ rN+ MP+9 Stlth+}
   (You bought it in a shop on level 15 of the Dungeon)

   [ring of flight]

   rC+:       It protects you from cold.
   rN+:       It protects you from negative energy.
   MP+9:      It affects your magic capacity (+9).
   Fly:       It grants you flight.
   Stlth+:    It makes you more stealthy.
Wands
 g - a wand of polymorph (4)
 E - a wand of flame (4)
 M - a wand of paralysis (97)
 N - a wand of mindburst (15)
 T - a wand of digging (9)
 Y - a wand of acid (25)
Scrolls
 k - a scroll of fog
 o - 3 scrolls of enchant armour
 r - 2 scrolls of immolation
 w - 2 scrolls of silence
 D - 3 scrolls of fear
 G - 4 scrolls of enchant weapon
 H - a scroll of revelation
 Q - 11 scrolls of teleportation
Potions
 l - 8 potions of heal wounds
 q - 9 potions of lignification
 t - 5 potions of brilliance
 u - 8 potions of ambrosia
 v - 18 potions of curing
 C - 10 potions of magic
 L - 9 potions of attraction
 O - 5 potions of cancellation
 X - 10 potions of enlightenment
Miscellaneous
 d - a phantom mirror
 S - a condenser vane


   Skills:
 O Level 27 Fighting
 - Level 20.0(20.5) Axes
 - Level 8.6(15.4) Polearms
 O Level 27 Armour
 - Level 20.6 Dodging
 - Level 1.5 Stealth
 - Level 17.5 Shields
 - Level 10.5 Spellcasting
 - Level 0.6 Conjurations
 - Level 10.4 Translocations
 - Level 13.1 Ice Magic
 - Level 2.1 Alchemy
 * Level 16.8 Evocations


You had 34 spell levels left.
You knew the following spells:

 Your Spells              Type           Power      Damage    Failure   Level
a - Blink                 Tloc           56%        N/A       1%          2
b - Mercury Vapours       Alch/Air       16%        N/A       43%         2
c - Frozen Ramparts       Ice            68%        1d11      1%          3
d - Lesser Beckoning      Tloc           56%        N/A       1%          2
e - Manifold Assault      Tloc           28%        N/A       7%          4

Your spell library contained the following spells:

 Spells                   Type           Power      Damage    Failure   Level
 Apportation              Tloc           56%        N/A       1%          1
 Freeze                   Ice            100%       1d10      1%          1
 Gell's Gravitas          Tloc           28%        N/A       1%          3
 Ozocubu's Armour         Ice            34%        N/A       1%          3
 Teleport Other           Tloc           28%        N/A       1%          3
 Passage of Golubria      Tloc           28%        N/A       7%          4
 Momentum Strike          Conj/Tloc      34%        3d8       8%          2
 Hailstorm                Conj/Ice       20%        3d7       9%          3
 Summon Ice Beast         Ice/Summ       20%        N/A       10%         3
 Sting                    Conj/Alch      32%        1d5       26%         1
 Magic Dart               Conj           28%        1d4       36%         1
 Foxfire                  Conj/Fire      24%        2x1d5     38%         1
 Necrotise                Necr           20%        1d5       43%         1
 Slow                     Hex            20%        N/A       43%         1
 Summon Small Mammal      Summ           20%        N/A       43%         1
 Iskenderun's Mystic Bla  Conj/Tloc      17%        2d5       45%         4
 Cigotuvi's Dreadful Rot  Necr/Alch/Air  14%        N/A       47%         2
 Searing Ray              Conj           14%        2d5       50%         2
 Dimensional Bullseye     Hex/Tloc       8%         N/A       50%         4
 Vhi's Electric Charge    Tloc/Air       34%        N/A       50%         4
 Static Discharge         Conj/Air       12%        3-4/arc   54%         2
 Call Imp                 Summ           10%        N/A       58%         2
 Jinxbite                 Hex            10%        N/A       58%         2
 Scorch                   Fire           10%        2d5       58%         2
 Sublimation of Blood     Necr           5%         N/A       58%         2
 Metabolic Englaciation   Hex/Ice        10%        N/A       65%         5
 Mephitic Cloud           Conj/Alch/Air  7%         N/A       69%         3
 Dispersal                Tloc           14%        N/A       71%         6
 Stone Arrow              Conj/Erth      12%        3d7       77%         3
 Confusing Touch          Hex            5%         N/A       82%         3
 Fugue of the Fallen      Necr           5%         N/A       82%         3
 Inner Flame              Hex/Fire       5%         N/A       82%         3
 Sigil of Binding         Hex            5%         N/A       82%         3
 Tukima's Dance           Hex            5%         N/A       82%         3
 Vampiric Draining        Necr           5%         2d6       82%         3
 Ozocubu's Refrigeration  Ice            17%        4d11      88%         7
 Olgreb's Toxic Radiance  Alch           10%        N/A       89%         4
 Freezing Cloud           Conj/Ice/Air   7%         6-21      90%         5
 Fulminant Prism          Conj/Alch      4%         3d5       95%         4
 Ignite Poison            Fire/Alch      8%         N/A       97%         4
 Leda's Liquefaction      Alch/Erth      4%         N/A       97%         4
 Petrify                  Alch/Erth      8%         N/A       97%         4
 Sticky Flame             Fire/Alch      8%         2d4       97%         4
 Sculpt Simulacrum        Ice/Alch       11%        N/A       97%         6
 Animate Armour           Summ/Erth      10%        N/A       99%         4
 Brom's Barrelling Bould  Conj/Erth      6%         2d3       99%         4
 Cause Fear               Hex            2%         N/A       99%         4
 Dispel Undead            Necr           5%         3d7       99%         4
 Flame Wave               Conj/Fire      6%         2d5       99%         4
 Martyr's Knell           Necr/Summ      5%         N/A       99%         4
 Summon Lightning Spire   Summ/Air       5%         N/A       99%         4
 Arcjolt                  Conj/Air       3%         1d13      100%        5
 Borgnjor's Vile Clutch   Necr/Erth      2%         N/A       100%        5
 Fireball                 Conj/Fire      3%         3d4       100%        5
 Irradiate                Conj/Alch      4%         3d13      100%        5
 Iskenderun's Battlesphe  Conj           7%         2d6       100%        5
 Lee's Rapid Deconstruct  Erth           2%         3d5*      100%        5
 Silence                  Hex/Air        2%         N/A       100%        5
 Summon Mana Viper        Hex/Summ       5%         N/A       100%        5
 Yara's Violent Unravell  Hex/Alch       4%         3d4       100%        5
 Bombard                  Conj/Erth      3%         9d1       100%        6
 Conjure Ball Lightning   Conj/Air       3%         3x3d6     100%        6
 Death Channel            Necr           2%         N/A       100%        6
 Eringya's Noxious Bog    Alch           5%         4d6       100%        6
 Plasma Beam              Fire/Air       2%         2x1d12    100%        6
 Starburst                Conj/Fire      3%         6d3       100%        6
 Summon Cactus Giant      Summ           2%         N/A       100%        6
 Enfeeble                 Hex            2%         N/A       100%        7
 Haunt                    Necr/Summ      2%         N/A       100%        7
 Malign Gateway           Summ/Tloc      8%         N/A       100%        7
 Monstrous Menagerie      Summ           2%         N/A       100%        7
 Orb of Destruction       Conj           3%         9d5       100%        7
 Spellforged Servitor     Conj/Summ      3%         N/A       100%        7
 Summon Hydra             Summ           2%         N/A       100%        7
 Borgnjor's Revivificati  Necr           2%         N/A       100%        8
 Discord                  Hex            2%         N/A       100%        8
 Disjunction              Tloc           14%        N/A       100%        8
 Lehudib's Crystal Spear  Conj/Erth      3%         10d2      100%        8
 Maxwell's Capacitive Co  Air            2%         ∞         100%        8
 Death's Door             Necr           2%         N/A       100%        9
 Dragon's Call            Summ           2%         N/A       100%        9
 Fire Storm               Conj/Fire      3%         8d1       100%        9
 Polar Vortex             Ice            17%        12d2*     100%        9
 Animate Dead             Necr           Unusable   N/A       N/A         4

Dungeon Overview and Level Annotations

Branches:
Dungeon (15/15)            Temple (1/1) D:7            Lair (5/5) D:9
 Shoals (4/4) Lair:2       Spider (4/4) Lair:3        Slime (5/5) Lair:5
    Orc (2/2) D:12            Elf (3/3) Orc:2        Vaults (5/5) D:14
  Crypt (3/3) Vaults:3       Tomb (0/3) Crypt:3      Depths (4/4) D:15
    Zot (5/5) Depths:4     WizLab (visited)         Gauntlet (visited)

Altars:
Ashenzari
Cheibriados
Dithmenos
Elyvilon
Fedhas
Gozag
Hepliaklqana
Kikubaaqudgha
Makhleb
Nemelex Xobeh
Okawaru
Qazlal
Ru
Sif Muna
Trog
Uskayaw
Vehumet
Wu Jian
Xom
Yredelemnul
Zin
The Shining One
Ignis
Jiyva

Shops:
D:9 [[==   D:12 =?   D:13 [   D:15 ?=   Orc:2 ?=*[(   Elf:1 [[*[   Lair:1 [
Shoals:2 (   Vaults:3 [   Zot:4 [

Portals:
Hell: Depths:1 Depths:2 Depths:3 Depths:4
Abyss: Depths:1 Depths:3 Depths:4
Pandemonium: Depths:2 Depths:3 Depths:4

Annotations:
D:12 Recheck and continue with shields
Crypt:3 Do not attempt till late
Depths:3 2 transporters, Xaosyiw's ghost, adept DECj


Innate Abilities, Weirdness & Mutations

You have a pair of large horns on your head.
You reflexively headbutt those who attack you in melee.
You have hoof-like feet.
You have an uncontrollable temper.
Armour fits poorly on your strangely shaped body.
Your body often deteriorates upon taking damage.
You are very frail. (-20% HP)
Your magical capacity is very low. (-20% MP)
You are strong-willed. (Will+)
You passively map a small area around you.
You do not regenerate when monsters are visible.
You are occasionally teleported next to monsters.
Potions cannot restore your health.


Message History

The ancient lich is distracted by your dazzling golden aura.
Unknown command.
Okay, then.
You hit the Orb Guardian. You headbutt the Orb Guardian!!
The Orb Guardian is lightly wounded.
The Orb Guardian hits you!!!
* * * LOW HITPOINT WARNING * * *
The Orb Guardian hits you but does no damage.
Unknown command.
Okay, then. [a] - 120 gold - heal wounds [b] - 546 gold - heal wounds, curing, magic and haste [c] - 598 gold - resistance, enlightenment, curing and magic Purchase which effect?
You feel much better. The Orb Guardian hits you!
* * * LOW HITPOINT WARNING * * *
The Orb Guardian hits you but does no damage.
Unknown command.
Unknown command.
You slash the Orb Guardian!
You feel better.
Your headbutt misses the Orb Guardian.
The Orb Guardian is moderately wounded.
The Orb Guardian hits you but does no damage.
Unknown command.
Unknown command.
You closely miss the Orb Guardian. You headbutt the Orb Guardian!!
The Orb Guardian is heavily wounded.
The ancient lich is no longer distracted by gold.
The Orb Guardian hits you!!
* * * LOW HITPOINT WARNING * * *
Your body deteriorates!
You feel dopey.
The Orb Guardian is distracted by your dazzling golden aura.
Unknown command.
You slice the Orb Guardian!!
The Orb Guardian is no longer distracted by gold.
Your headbutt misses the Orb Guardian.
The Orb Guardian is almost dead.
The Orb Guardian hits you!!!
You die...
Your body crumbles into a pile of gold.

*,,,,,,,,,,,,,,,,,,,,* ##.
*,,...............^..# #.
*,...^.......L.......# ##.
*,...................# #..
*,...................# ##..
*,.....^.............###...
**.^...............^###...#
*#................##....##
*#......@............###
▓▓^...X##▓▓▓▓▓▓▓▓▓▓▓#
*▓.|...y....X..,,****
*▓..^...........,,,,,***
**...............,,,,,,,**
*,...............,,,^,,,,*
*,.....^.........,,,,,,,,**
**...............,,,,,,^,**
*▓..............,,,,,,,,*,


You could see an Orb Guardian (berserk), a moth of wrath and a neutral ancient
lich (distracted).

Vanquished Creatures
  the Royal Jelly (Slime:5)
  Frederick (Vaults:2)
  A dread lich (Vaults:5)
  6 orbs of fire
  3 ancient liches
  A juggernaut (Depths:2)
  Vv (Crypt:3)
  Parghit (Zot:2)
  Bai Suzhen (Crypt:3)
  Margery (Vaults:3)
  4 curse toes
  2 Killer Klowns
  11 golden dragons
  A caustic shrike (Depths:3)
  Jory (Vaults:2)
  Norris (Vaults:1)
  A profane servitor (Crypt:3)
  4 doom hounds
  A pandemonium lord (Zig:3)
  5 bone dragons
  A hellephant (Vaults:3)
  3 electric golems
  17 tentacled monstrosities
  Grunn (Zot:4)
  Mlioglotl (Shoals:2)
  8 Orb Guardians
  6 titans
  8 sphinxes
  3 deep elf master archers
  7 liches
  5 quicksilver dragons
  A walking divine tome (Depths:3)
  18 acid blobs
  The ghost of Xapiozoo the Severer, an adept MiBe of Trog (Spider:4)
  An Executioner (Abyss:2)
  5 ancient champions
  3 deep elf blademasters
  A kraken (Shoals:3)
  11 shadow dragons
  Polyphemus (Shoals:2)
  13 death cobs
  6 tentacled starspawn
  6 tengu reavers
  3 revenants
  Donald (Orc:2)
  3 protean progenitors
  A nagaraja (WizLab)
  22 storm dragons
  18 rockslimes
  6 fire giants
  7 deep elf sorcerers
  Ilsuiw (Shoals:2)
  6 azure jellies
  7 draconian knights
  6 draconian monks
  6 emperor scorpions
  4 draconian shifters
  A daeva (Abyss:2)
  5 draconian scorchers
  A spectral caustic shrike (Depths:3)
  An iron dragon (Vaults:5)
  4 deep elf elementalists (Elf:3)
  9 frost giants
  14 ghost moths
  9 vault wardens
  A balrug (Abyss:2)
  A shard shrike simulacrum (Abyss:2)
  A caustic shrike zombie (Depths:1)
  2 spectral juggernauts (Depths:3)
  18 ironbound preservers
  2 curse skulls (Crypt:2)
  2 demonspawn corrupters (WizLab)
  Louise (D:15)
  A juggernaut zombie (Depths:1)
  2 broodmothers
  2 draconian stormcallers
  4 orc warlords
  A ghoul (Crypt:3)
  10 formless jellyfish
  14 very ugly things
  5 draconian annihilators
  9 ironbound thunderhulks
  A juggernaut skeleton (Depths:3)
  13 quicksilver oozes
  A starflower (Abyss:3)
  18 vampire knights
  12 green draconians
  2 caustic shrike skeletons
  18 stone giants
  7 deep elf annihilators
  7 deep elf demonologists
  8 black draconians
  11 deep elf death magi
  8 dire elephants
  4 spark wasps
  5 war gargoyles
  A lorocyproca (Depths:2)
  A demonspawn black sun (Zig:3)
  6 white draconians
  9 yellow draconians
  11 red draconians
  A minotaur (Gauntlet)
  9 purple draconians
  2 blizzard demons
  4 crystal guardians
  8 merfolk javelineers
  15 ettins
  14 merfolk impalers
  8 fire dragons
  9 yaktaur captains
  30 jiangshi
  4 eidola
  14 great orbs of eyes
  Josephine (D:15)
  17 deep elf high priests
  A spectral spriggan (Crypt:3)
  Erolcha (D:13)
  9 hydras
  6 entropy weavers
  8 merfolk avatars
  Fannar (Lair:1)
  2 caustic shrike simulacra
  2 peacekeepers
  A hell beast (Zot:5)
  8 rakshasas
  8 ice dragons
  A spriggan air mage (Depths:2)
  2 catoblepae
  A sphinx zombie (Depths:1)
  4 jorogumos
  37 vault guards
  6 merfolk aquamancers
  2 spriggan skeletons
  16 centaur warriors
  2 juggernaut simulacra
  An alligator snapping turtle (Shoals:3)
  5 radroaches
  8 ironbound frosthearts
  3 death knights
  2 ogre magi (Vaults:5)
  A two-headed ogre (D:11)
  A death scarab (Gauntlet)
  5 boulder beetles
  17 death yaks
  A hell hog (Abyss:2)
  A satyr (Shoals:3)
  7 vampire magi
  7 deep troll earth magi
  6 spriggan berserkers
  10 tengu warriors
  6 demonic crawlers
  6 occultists
  3 deep troll shamans
  30 dancing weapons
  3 thrashing horrors
  An emperor scorpion zombie (Crypt:1)
  2 orc high priests (Orc:2)
  Nergalle (Lair:3)
  3 sun demons (Abyss:2)
  19 deep elf knights
  4 wretched stars
  A fire crab (Lair:5)
  8 skysharks
  29 hell knights
  A spectral death yak (Gauntlet)
  3 sixfirhies
  37 skeletal warriors
  A salamander mystic (D:15)
  2 spatial maelstroms
  4 pharaoh ants
  A spark wasp zombie (Depths:3)
  14 large abominations
  5 shadow wraiths
  A golden dragon zombie (Crypt:2)
  19 sea snakes
  30 deep trolls
  6 glowing orange brains
  4 sun moths
  A spriggan druid (WizLab)
  A bunyip zombie (Crypt:2)
  2 swamp dragons
  A storm dragon skeleton (Vaults:5)
  20 arcanists
  7 flayed ghosts
  20 ironbound convokers
  14 lindwurms
  16 orc knights
  A golden dragon skeleton (Depths:3)
  11 orb spiders
  Pikel (D:5)
  12 deep elf archers
  An iron dragon zombie (Crypt:2)
  A bunyip skeleton (Crypt:1)
  16 necromancers
  A spriggan simulacrum (Crypt:3)
  27 deep elf zephyrmancers
  4 steelbarb worms
  35 deep elf pyromancers
  11 phantasmal warriors
  10 manticores
  13 wolf spiders
  6 cyclopes
  29 harpies
  45 ugly things
  10 fauns
  2 orc sorcerers (Orc:2)
  A manticore (shapeshifter) (Depths:4)
  2 worldbinders
  33 moths of wrath
  A shining eye (shapeshifter) (Vaults:5)
  A will-o-the-wisp (Lair:5)
  11 shining eyes
  9 black mambas
  Maurice (D:7)
  6 meliai
  3 kobold blastminers (Orc:2)
  9 merfolk sirens
  8 elephants
  6 torpor snails
  5 water nymphs
  An eye of devastation (shapeshifter) (Depths:4)
  A titan simulacrum (Vaults:5)
  Joseph (D:7)
  2 eyes of devastation
  A rust devil (Depths:3)
  A torpor snail (shapeshifter) (Depths:4)
  A moth of wrath (shapeshifter) (Depths:4)
  12 vault sentinels
  5 smoke demons
  An orange demon (Abyss:2)
  6 molten gargoyles (D:12)
  14 cane toads
  11 kobold demonologists
  A gargoyle (D:10)
  20 yaktaurs
  4 rime drakes
  A bunyip simulacrum (Abyss:2)
  9 komodo dragons
  A grey draconian skeleton (Crypt:1)
  3 efreet
  2 yaktaurs (shapeshifter)
  7 freezing wraiths
  3 tengu conjurers
  3 tormentors
  3 golden dragon simulacra (Depths:3)
  6 ancient zymes
  A green draconian skeleton (Crypt:2)
  A black draconian skeleton (Crypt:2)
  5 polar bears
  9 wind drakes
  45 merfolk
  2 harpy zombies
  A merfolk (shapeshifter) (Vaults:5)
  A shadow dragon simulacrum (Depths:3)
  A troll (shapeshifter) (Elf:3)
  6 trolls
  26 tarantellas
  2 tengu simulacra (Depths:3)
  22 hornets
  3 raiju
  Grinder (D:4)
  31 blink frogs
  A blink frog (shapeshifter) (D:12)
  5 glass eyes
  2 harpy skeletons
  16 snapping turtles
  2 dream sheep (Shoals:1)
  An iron dragon simulacrum (Depths:3)
  2 meliai zombies
  27 jumping spiders
  4 shadows (Crypt:3)
  An ettin skeleton (Vaults:5)
  Sigmund (D:2)
  24 culicivoras
  A spriggan (shapeshifter) (Depths:4)
  2 air elementals
  3 wyverns
  A dire elephant simulacrum (Crypt:1)
  An elf skeleton (Vaults:5)
  13 wraiths
  81 slime creatures
  19 water elementals
  45 yaks
  4 ynoxinuls (Abyss:2)
  A black mamba skeleton (Abyss:2)
  The ghost of capka3m the Ruffian, an amateur TrSh (D:3)
  4 fire bats (Abyss:2)
  4 golden eyes
  2 basilisks
  A fire elemental (Abyss:2)
  2 neqoxecs
  6 steam dragons
  4 chaos spawn
  A human zombie (Depths:1)
  55 redbacks
  Edmund (D:5)
  4 wargs
  A swamp worm (shapeshifter) (Vaults:5)
  A naga zombie (Abyss:2)
  9 small abominations
  2 spatial vortices (Abyss:3)
  2 acid dragons (D:9)
  15 water moccasins
  An ogre skeleton (Vaults:5)
  A cane toad zombie (Crypt:2)
  A two-headed ogre skeleton (Crypt:2)
  A swamp drake (Lair:5)
  A black bear (D:8)
  A cane toad skeleton (Crypt:1)
  25 laughing skulls
  An ettin simulacrum (Vaults:5)
  11 ice beasts
  The ghost of capka3m the Ruffian, an amateur TrSh (D:3)
  33 orc warriors
  A deep troll simulacrum (Vaults:5)
  6 ogres
  4 centaurs
  A boggart (Vaults:4)
  12 wolves
  2 human skeletons (Vaults:5)
  4 weeping skulls
  3 lemures
  A phantom (D:4)
  5 kobold brigands
  A komodo dragon zombie (Crypt:2)
  14 bullfrogs
  2 gnoll sergeants (D:4)
  3 earth elementals
  A glowing shapeshifter simulacrum (Depths:1)
  4 necrophages (Crypt:3)
  13 scorpions
  5 wights (D:6)
  4 burial acolytes (Crypt:3)
  A raiju zombie (Crypt:2)
  9 killer bees
  5 howler monkeys
  An electric eel (Lair:1)
  A bombardier beetle (D:5)
  A crimson imp (D:6)
  A jelly (D:5)
  4 quasits (Abyss:2)
  20 orc priests
  4 hounds
  14 starcursed masses
  A gnoll bouda (D:7)
  2 iron imps
  6 iguanas
  24 orc wizards
  Robin (D:2)
  11 gnolls
  9 adders
  A swamp drake zombie (Crypt:1)
  6 white imps
  An ufetubus (Abyss:2)
  3 dart slugs
  A ribbon worm (D:3)
  58 orcs
  6 ball pythons
  5 endoplasms
  5 giant cockroaches
  17 goblins
  10 hobgoblins
  3 jackals (D:2)
  11 kobolds
  A quokka (D:2)
  6 bats
  3 frilled lizards
  2 orc skeletons (Crypt:1)
  8 rats
  A spectral weapon (Elf:2)
  5 starspawn tentacles (Abyss:2)
2596 creatures vanquished.

Vanquished Creatures (collateral kills)
  A golden dragon (Zot:5)
  3 Orb Guardians (Zot:5)
  An acid blob (Slime:5)
  A ghost moth (Zot:5)
6 creatures vanquished.

Vanquished Creatures (others)
  A dread lich (Zot:5)
  A Killer Klown (Zot:5)
  2 Orb Guardians (Zot:5)
  A tentacled starspawn (Abyss:3)
  A demonspawn corrupter (WizLab)
  A formless jellyfish (Zig:4)
  A yellow draconian (Zot:5)
  A yaktaur captain (Vaults:5)
  A centaur warrior (Vaults:1)
  A merfolk aquamancer (Shoals:4)
  A vampire mage (Depths:1)
  An occultist (WizLab)
  3 deep elf zephyrmancers
  A tarantella (Spider:4)
  6 foxfires (Lair:5)
  16 starspawn tentacles
39 creatures vanquished.

Grand Total: 2641 creatures vanquished

Notes
Turn   | Place    | Note
-------+----------+-------------------------------------------
     0 | D:1      | Amplified the Minotaur Alchemist began the quest for the
                  | Orb.
     0 | D:1      | Reached XP level 1. HP: 14/14 MP: 1/1
    66 | D:1      | Reached skill level 1 in Fighting
   199 | D:1      | Reached XP level 2. HP: 4/23 MP: 1/3
   613 | D:2      | Noticed Sigmund
   791 | D:1      | Reached XP level 3. HP: 30/30 MP: 4/4
   857 | D:1      | Learned a level 2 spell: Mercury Vapours
   898 | D:1      | Found a faded altar of an unknown god.
   984 | D:1      | Reached skill level 1 in Polearms
  1320 | D:2      | Noticed Robin
  1325 | D:2      | Gained mutation: You have large cloven feet. [potion of
                  | mutation]
  1325 | D:2      | Gained mutation: You are weak. (Str -2) [potion of
                  | mutation]
  1325 | D:2      | Gained mutation: You have hidden genetic defects. [potion
                  | of mutation]
  1325 | D:2      | Gained mutation: You expend magic power (3 MP) to
                  | strengthen your wands. [potion of mutation]
  1338 | D:2      | Killed Robin
  1342 | D:2      | Reached XP level 4. HP: 34/38 MP: 4/6
  1352 | D:2      | Gained mutation: Your body sometimes deteriorates upon
                  | taking damage. [hidden defects]
  1396 | D:2      | Killed Sigmund
  1397 | D:2      | Reached XP level 5. HP: 43/47 MP: 7/7
  1399 | D:2      | Gained mutation: You are frail. (-10% HP) [hidden defects]
  1399 | D:2      | Lost mutation: You have hidden genetic defects. [hidden
                  | defects expressed]
  2014 | D:3      | Reached XP level 6. HP: 46/47 MP: 8/8
  2238 | D:3      | Found a runed translucent gate.
  2238 | D:3      | Found a runed translucent gate.
  2238 | D:3      | Found a runed translucent gate.
  2239 | D:3      | Noticed capka3m's ghost (amateur TrSh)
  2240 | D:3      | Noticed capka3m's ghost (amateur TrSh)
  2646 | D:5      | Entered Level 5 of the Dungeon
  2756 | D:4      | Reached skill level 5 in Fighting
  2756 | D:4      | Reached skill level 1 in Armour
  2783 | D:4      | Reached XP level 7. HP: 42/54 MP: 3/10
  2940 | D:4      | Noticed Grinder
  2953 | D:4      | Killed Grinder
  2954 | D:4      | Reached skill level 5 in Polearms
  3758 | D:5      | Noticed Edmund
  3780 | D:5      | Killed Edmund
  3781 | D:5      | Reached XP level 8. HP: 61/63 MP: 11/11
  3986 | D:5      | Found an ornate altar of the Wu Jian Council.
  4211 | D:5      | Noticed Pikel
  4472 | D:5      | Found a basalt altar of Yredelemnul.
  4533 | D:5      | Reached skill level 5 in Armour
  5018 | D:5      | Found a sparkling altar of Nemelex Xobeh.
  5149 | D:5      | Killed Pikel
  5150 | D:5      | Reached XP level 9. HP: 57/72 MP: 11/13
  5722 | D:6      | Found a radiant altar of Vehumet.
  5722 | D:6      | Found a burning altar of Makhleb.
  6245 | D:6      | Identified the +0 leather armour of Jayst {rCorr MP+9}
  6357 | D:7      | Found a staircase to the Ecumenical Temple.
  6367 | Temple   | Entered the Ecumenical Temple
  6368 | Temple   | Upgraded the game from 0.31-a0-1591-g515db51633 to
                  | 0.31-a0-1597-ge7908ec95f
  6376 | Temple   | Became a worshipper of Gozag Ym Sagoz the Greedy
  6476 | D:7      | Reached skill level 1 in Axes
  6533 | D:7      | Noticed Joseph
  6718 | D:7      | Noticed Maurice
  6771 | D:8      | Found a transporter.
  6771 | D:8      | Noticed a kobold demonologist
  6776 | D:8      | Found a transporter.
  6785 | D:8      | Noticed a kobold demonologist
  6845 | D:8      | Learned a level 2 spell: Blink
  7272 | D:9      | Noticed a troll
  7357 | D:7      | Reached XP level 10. HP: 82/82 MP: 15/15
  7576 | D:7      | Found a shimmering blue altar of Sif Muna.
  8019 | D:8      | Reached skill level 10 in Fighting
  8104 | D:9      | Found a staircase to the Lair.
  8114 | D:9      | Reached skill level 5 in Axes
  8529 | D:9      | Found a broken altar of Ashenzari.
  8689 | D:9      | Noticed a purple ugly thing
  8733 | D:10     | Entered Level 10 of the Dungeon
  8752 | D:9      | Found a glowing golden altar of the Shining One.
  8793 | D:10     | Noticed a soul eater
  8864 | D:9      | Found a runed translucent door.
  8865 | D:9      | Noticed a sixfirhy
  8881 | D:9      | Killed a purple ugly thing
  8992 | D:9      | Reached XP level 11. HP: 54/93 MP: 9/16
  9178 | D:9      | Found an ancient bone altar of Kikubaaqudgha.
  9180 | D:9      | Found a glowing silver altar of Zin.
  9817 | D:10     | Noticed a soul eater
  9916 | D:10     | Lost mutation: Your body sometimes deteriorates upon taking
                  | damage. [potion of mutation]
  9916 | D:10     | Lost mutation: You are frail. (-10% HP) [potion of
                  | mutation]
  9916 | D:10     | Gained mutation: Your spells are a little easier to cast,
                  | but a little less powerful. [potion of mutation]
  9916 | D:10     | Gained mutation: You are robust. (+10% HP) [potion of
                  | mutation]
  9958 | D:10     | Found a shimmering altar of Xom.
 10321 | D:11     | Reached skill level 10 in Axes
 10429 | D:11     | Noticed a two-headed ogre
 10435 | D:11     | Killed a two-headed ogre
 10467 | D:11     | Noticed a green ugly thing
 10476 | D:11     | Killed a green ugly thing
 10876 | D:3      | Killed capka3m's ghost
 10877 | D:3      | Killed capka3m's ghost
 11479 | D:12     | Reached XP level 12. HP: 115/129 MP: 17/17
 11513 | D:12     | Noticed a tengu warrior
 11700 | Lair:1   | Entered Level 1 of the Lair of Beasts
 11700 | Lair:1   | Noticed Fannar
 11718 | Lair:1   | Killed Fannar
 11992 | Lair:1   | Reached skill level 15 in Fighting
 12041 | Lair:1   | Identified the +3 hand axe of the Sea {freeze, rC+ Will++
                  | rCorr Str-2}
 12582 | Lair:2   | Noticed an eight-headed hydra
 12585 | Lair:2   | Noticed a five-headed hydra
 12666 | Lair:2   | Found a transporter.
 13091 | Lair:4   | Found a gate leading to a gauntlet.
 13101 | Gauntlet | Entered a Gauntlet
 13101 | Gauntlet | Noticed a death scarab
 13101 | Gauntlet | Found a transporter.
 13101 | Gauntlet | Found a transporter.
 13102 | Gauntlet | Found a transporter.
 13102 | Gauntlet | Found a transporter.
 13105 | Gauntlet | Found a transporter.
 13106 | Gauntlet | Found a transporter.
 13118 | Gauntlet | Found a transporter.
 13122 | Gauntlet | Found a transporter.
 13128 | Gauntlet | Noticed a quicksilver ooze
 13134 | Gauntlet | Found a transporter.
 13136 | Gauntlet | Noticed a balrug
 13149 | Gauntlet | Found a transporter.
 13158 | Gauntlet | Found a transporter.
 13166 | Gauntlet | Found a transporter.
 13290 | Gauntlet | Killed a death scarab
 13291 | Gauntlet | Reached skill level 15 in Axes
 13315 | Gauntlet | Gained mutation: You sometimes lose your temper in combat.
                  | [a neqoxec]
 13381 | Gauntlet | Killed a quicksilver ooze
 13424 | Gauntlet | Got the Guide on Flashy Sparks
 13480 | Gauntlet | Noticed a minotaur
 13493 | Gauntlet | Killed a minotaur
 13494 | Gauntlet | Reached XP level 13. HP: 139/139 MP: 18/18
 13575 | Lair:4   | You fall into a shaft and drop 1 floor!
 13575 | Lair:5   | Entered Level 5 of the Lair of Beasts
 13686 | Lair:3   | Found a hole to the Spider Nest.
 13866 | Lair:3   | Noticed Nergalle
 13875 | Lair:3   | Killed Nergalle
 14631 | Lair:5   | Reached XP level 14. HP: 130/148 MP: 19/19
 14758 | Lair:5   | Got an earthy gem with 1160 turns to spare
 14868 | Lair:5   | Reached skill level 10 in Armour
 15039 | Lair:1   | Bought the +7 plate armour of Living Awe {rElec rCorr
                  | Stlth+} for 1045 gold pieces
 15143 | D:7      | Killed Maurice
 15167 | D:7      | Killed Joseph
 15399 | D:12     | Identified a scroll of acquirement
 15399 | D:12     | Acquired a manual of Ice Magic
 15417 | D:12     | Reached skill level 1 in Ice Magic
 15425 | D:12     | Identified the +1 ring mail of Afayxkua {rF+ Will+++ Str+2
                  | Stlth-}
 15608 | D:12     | Found a portal to a secret trove of treasure.
 16005 | D:12     | Found a staircase to the Orcish Mines.
 16082 | Orc:1    | Entered Level 1 of the Orcish Mines
 16222 | Orc:1    | Noticed an orc warlord
 16238 | Orc:1    | Killed an orc warlord
 16524 | Orc:2    | Entered Level 2 of the Orcish Mines
 16629 | Orc:2    | Noticed Donald
 16630 | Orc:2    | Found Xack's Magic Scroll Shoppe.
 16645 | Orc:2    | Killed Donald
 16668 | Orc:2    | Bought a scroll of teleportation for 39 gold pieces
 16668 | Orc:2    | Bought a scroll of teleportation for 39 gold pieces
 16668 | Orc:2    | Bought a scroll of blinking for 97 gold pieces
 16726 | Orc:2    | Reached skill level 5 in Ice Magic
 17078 | Orc:2    | Noticed an orc warlord
 17362 | Orc:2    | Found Ocwepy's Antique Armour Shoppe.
 17374 | Orc:2    | Killed an orc warlord
 17443 | Orc:2    | Found Sutzuh's Antique Weapon Shoppe.
 17476 | Orc:2    | Reached XP level 15. HP: 161/161 MP: 20/20
 17489 | Orc:2    | Found Igottus's General Store.
 17495 | Orc:2    | Bought a potion of heal wounds for 75 gold pieces
 17495 | Orc:2    | Bought a scroll of teleportation for 45 gold pieces
 17495 | Orc:2    | Bought a potion of invisibility for 120 gold pieces
 17504 | Orc:2    | Found Weciupi's Jewellery Shoppe.
 17527 | Orc:2    | Bought a faintly humming scale mail for 270 gold pieces
 17527 | Orc:2    | Identified the +1 scale mail "Oplyqagg" {Str-5 Dex+5} (You
                  | bought it in a shop on level 2 of the Orcish Mines)
 17527 | Orc:2    | Bought a polished buckler for 285 gold pieces
 17527 | Orc:2    | Identified the +0 buckler of the End {rC+++ Will- Regen+}
                  | (You bought it in a shop on level 2 of the Orcish Mines)
 17561 | Orc:2    | Bought a potion of lignification for 45 gold pieces
 17590 | Orc:2    | Found a staircase to the Elven Halls.
 18004 | Abyss:2  | Cast into level 2 of the Abyss (hell knight)
 18020 | Abyss:2  | Noticed a bone dragon
 18030 | Abyss:2  | Noticed a tentacled starspawn
 18066 | Abyss:2  | Found a corrupted altar of Lugonu.
 18068 | Abyss:2  | Found a corrupted altar of Lugonu.
 18068 | Abyss:2  | Found a corrupted altar of Lugonu.
 18235 | D:12     | Escaped the Abyss
 18251 | D:12     | Found a candlelit altar of Ignis.
 18266 | D:12     | Identified the +6 short sword of the Howling One {freeze,
                  | +Blink rC+ Dex+2}
 18438 | D:13     | Noticed Erolcha
 18684 | D:13     | Bought a jewelled scarf for 370 gold pieces
 18684 | D:13     | Identified the scarf of Leupunk {repulsion, Regen+ Str+3}
                  | (You bought it in a shop on level 13 of the Dungeon)
 18748 | D:13     | Noticed Sonja
 18767 | D:13     | Sonja changed into Sonja the basilisk
 18767 | D:13     | Noticed Sonja
 18779 | D:13     | Killed Sonja the basilisk
 18922 | D:13     | You fall into a shaft and drop 2 floors!
 18922 | D:15     | Entered Level 15 of the Dungeon
 18955 | D:15     | Found a radiant altar of Vehumet.
 19041 | D:15     | Noticed Louise
 19066 | D:15     | Killed Louise
 19082 | D:15     | Noticed Josephine
 19091 | D:15     | Killed Josephine
 19392 | D:15     | Found a staircase to the Depths.
 19942 | D:14     | Noticed Nessos
 19951 | D:14     | Nessos changed into Nessos the sun moth
 19951 | D:14     | Noticed Nessos
 19962 | D:14     | Killed Nessos the sun moth
 20972 | D:14     | Found a gate to the Vaults.
 21148 | D:13     | Killed Erolcha
 21149 | D:13     | Reached XP level 16. HP: 174/174 MP: 21/21
 21928 | D:9      | Reached skill level 15 in Armour
 22033 | D:8      | Learned a level 3 spell: Frozen Ramparts
 22127 | Lair:2   | Reached skill level 10 in Ice Magic
 22233 | Lair:2   | Found a transporter.
 22316 | Spider:1 | Entered Level 1 of the Spider Nest
 23279 | Spider:4 | Entered Level 4 of the Spider Nest
 23831 | Spider:4 | Reached XP level 17. HP: 187/187 MP: 0/22
 23893 | Spider:4 | Got a milky-white gem with 854 turns to spare
 23895 | Spider:4 | Got a gossamer rune of Zot
 23983 | Spider:4 | Found a runed translucent gate.
 23983 | Spider:4 | Found a runed translucent gate.
 23983 | Spider:4 | Found a runed translucent gate.
 23984 | Spider:4 | Noticed Xapiozoo's ghost (adept MiBe)
 24048 | Spider:4 | Killed Xapiozoo's ghost
 24732 | Lair:2   | Found a staircase to the Shoals.
 24736 | Lair:2   | Upgraded the game from 0.31-a0-1597-ge7908ec95f to
                  | 0.31-a0-1606-g60c5cc7444
 24878 | Shoals:1 | Entered Level 1 of the Shoals
 25375 | Shoals:2 | Noticed Mlioglotl
 25376 | Shoals:2 | Found Bimaheegett's Antique Weapon Shoppe.
 25387 | Shoals:2 | Killed Mlioglotl
 25496 | Shoals:2 | Noticed Ilsuiw
 25522 | Shoals:2 | Killed Ilsuiw
 25591 | Shoals:2 | Identified the +6 battleaxe "Ohow" {vamp, Str+8}
 25613 | Shoals:2 | Noticed Polyphemus
 25634 | Shoals:2 | Killed Polyphemus
 25774 | Shoals:2 | Identified the +0 scale mail of Hangman {Int+3 Stlth+}
 25890 | Shoals:3 | Identified the +4 quarterstaff of the Iron City of Dis
                  | {venom, rElec rF+ Will+ Stlth-}
 26001 | Shoals:4 | Entered Level 4 of the Shoals
 26119 | Shoals:4 | Reached XP level 18. HP: 200/200 MP: 23/23
 26359 | Shoals:4 | Got an azure gem with 371 turns to spare
 26361 | Shoals:4 | Got a barnacled rune of Zot
 26399 | Shoals:4 | Reached skill level 5 in Dodging
 26401 | Shoals:4 | Identified the +1 robe of Nehawnik {rElec Dex+3}
 26556 | D:9      | Bought the amulet of the Four Winds {rN+ Will+++ Clar} for
                  | 1153 gold pieces
 26556 | D:9      | Found the amulet of the Four Winds {rN+ Will+++ Clar}
 26713 | Vaults:1 | Entered Level 1 of the Vaults
 27131 | Vaults:1 | Noticed Norris
 27153 | Vaults:1 | Killed Norris
 27735 | Vaults:1 | You fall into a shaft and drop 1 floor!
 27754 | Vaults:2 | Identified the orb of the Eternal Void {light, Will- SInv
                  | Air}
 27754 | Vaults:2 | Noticed Frederick
 27788 | Vaults:2 | Killed Frederick
 28011 | Vaults:2 | Noticed Jory
 28057 | Vaults:2 | Killed Jory
 28225 | Vaults:2 | Reached XP level 19. HP: 200/212 MP: 24/24
 28585 | Vaults:3 | Found a staircase to the Crypt.
 28585 | Vaults:3 | Found a basalt altar of Yredelemnul.
 28586 | Vaults:3 | Found an ancient bone altar of Kikubaaqudgha.
 28677 | Vaults:3 | Found a magical portal.
 28693 | WizLab   | Entered Alistair's Party Mansion
 28856 | WizLab   | Got the Omnibus of the Tincture
 29010 | WizLab   | Reached skill level 10 in Dodging
 29068 | WizLab   | Acquired a +2 pair of gloves of dexterity
 29341 | Vaults:3 | Noticed Margery
 29344 | Vaults:3 | Noticed a hellephant
 29352 | Vaults:3 | Killed Margery
 29686 | Vaults:4 | Identified the +6 flail of Temperance {holy, rF+ Str+6
                  | Dex-5}
 29967 | Vaults:4 | Paralysed by a formless jellyfish for 1 turns
 30459 | Vaults:4 | Paralysed by a formless jellyfish for 1 turns
 30801 | Vaults:3 | Reached XP level 20. HP: 224/226 MP: 25/25
 31022 | Vaults:3 | Killed the ghostly Margery
 31205 | Vaults:3 | Found Onyuxur's Antique Armour Boutique.
 31217 | Vaults:3 | Bought the +2 hat of the Bear Spirit {Spirit, Bear, *Rage
                  | Will++} for 977 gold pieces
 31217 | Vaults:3 | Found the +2 hat of the Bear Spirit {Spirit, Bear, *Rage
                  | Will++}
 31508 | Orc:2    | Bought the ring "Zoss" {*Slow rPois rN+ EV+5 Slay+3} for
                  | 817 gold pieces
 31757 | Crypt:1  | Entered Level 1 of the Crypt
 31882 | Crypt:1  | Identified the +5 chain mail of Grace {Str+3}
 32180 | Crypt:3  | Entered Level 3 of the Crypt
 32208 | Crypt:3  | Noticed Bai Suzhen
 32225 | Crypt:3  | Killed Bai Suzhen
 32422 | Crypt:3  | Found a basalt altar of Yredelemnul.
 32579 | Crypt:3  | Noticed Vv
 34576 | Elf:1    | Entered Level 1 of the Elven Halls
 34718 | Elf:1    | Found Uxonket's Antique Armour Boutique.
 34723 | Elf:1    | Bought a heavily runed chain mail for 294 gold pieces
 34723 | Elf:1    | Identified the +0 chain mail "Voodum" {-Tele Fly Str+6
                  | Slay+5} (You bought it in a shop on level 1 of the Elven
                  | Halls)
 34783 | Elf:2    | Reached XP level 21. HP: 234/238 MP: 24/26
 34787 | Elf:2    | Identified the serpent talisman "Rimpeff" {rElec rN+}
 34914 | Elf:3    | Entered Level 3 of the Elven Halls
 35146 | Elf:3    | Identified the ring "Serus" {rN+ Dex+2}
 35160 | Elf:3    | Got the Almanac of Mutated Bombardment
 35161 | Elf:3    | Found the +3 warlock's mirror {omnireflect}
 35176 | Elf:3    | Identified the +10 mace of Midwinter {freeze, ^Drain rF+
                  | Dex+3}
 35193 | Elf:3    | Identified the +4 great sword of Igagour {freeze, Dex+4}
 35195 | Elf:3    | Got the Papyrus of the Hyperbolic Bonfire
 35196 | Elf:3    | Identified the +1 buckler "Qixaic" {rF+ Regen+ Str-5}
 35250 | Elf:3    | Got a shimmering gem with 1162 turns to spare
 35316 | Elf:3    | Reached skill level 15 in Dodging
 35997 | D:12     | Bought a scroll of fear for 60 gold pieces
 36225 | Depths:1 | Entered Level 1 of the Depths
 36225 | Depths:1 | Found a one-way gate to the infinite horrors of the Abyss.
 36352 | Depths:1 | Found a gateway to Hell.
 36724 | Depths:1 | Identified the amulet of Latwiexta {Rampage Will+ Regen+
                  | Int-3 Slay+5}
 36949 | Depths:3 | Found a one-way gate leading to the halls of Pandemonium.
 36991 | Depths:4 | Entered Level 4 of the Depths
 37057 | Depths:4 | Noticed a caustic shrike
 37182 | Depths:3 | Found a transporter.
 37186 | Depths:3 | Noticed Xaosyiw's ghost (adept DECj)
 37240 | Depths:3 | Found a transporter.
 37371 | Depths:3 | Reached XP level 22. HP: 254/254 MP: 27/27
 37426 | Depths:3 | Killed a caustic shrike
 37579 | Depths:4 | Identified the +9 morningstar of Nightmares {elec, +Blink
                  | rElec Will+ Dex+4}
 37707 | Depths:4 | Found a one-way gateway to a ziggurat.
 37739 | Depths:4 | Reached skill level 27 in Fighting
 37739 | Depths:4 | Noticed an ancient lich
 37758 | Depths:4 | Killed an ancient lich
 37791 | Depths:4 | Found a gate to the Realm of Zot.
 37840 | Depths:4 | Got a midnight gem with 1530 turns to spare
 38161 | Depths:4 | Identified the ring of Serendipity {Wiz Fly Str+4 Int+2
                  | Dex-4}
 38322 | Depths:3 | Reached XP level 23. HP: 264/264 MP: 28/28
 38452 | Depths:3 | Identified the +6 plate armour "Vyof" {rC+ Will++}
 38642 | Depths:2 | Noticed a juggernaut
 38662 | Depths:2 | Killed a juggernaut
 38977 | Depths:2 | Got Sif Muna's Tome of the Monkey's Uncle
 39276 | Depths:1 | Reached XP level 24. HP: 273/273 MP: 23/28
 39302 | Depths:1 | Acquired 942 gold pieces
 39384 | D:15     | Bought a scroll of blinking for 142 gold pieces
 39384 | D:15     | Bought a scroll of fog for 76 gold pieces
 39388 | D:15     | Bought the ring "Hiklangoe" {Fly rC+ rN+ MP+9 Stlth+} for
                  | 975 gold pieces
 39603 | Vaults:5 | Entered Level 5 of the Vaults
 39688 | Vaults:5 | Noticed an ancient lich
 39715 | Vaults:5 | Killed an ancient lich
 39973 | Vaults:5 | Reached skill level 27 in Armour
 39975 | Vaults:5 | Noticed a dread lich
 40040 | Vaults:5 | Killed a dread lich
 40082 | Vaults:5 | Learned a level 2 spell: Lesser Beckoning
 40143 | Vaults:5 | Found the +9 staff of Olgreb {rPois∞}
 40291 | Vaults:5 | Reached skill level 1 in Translocations
 40338 | Vaults:5 | Noticed an ancient lich
 40351 | Vaults:5 | Killed an ancient lich
 40406 | Vaults:5 | Identified the +7 falchion of Corruption {drain, rF+ Dex+3
                  | SInv}
 40419 | Vaults:5 | Reached skill level 5 in Spellcasting
 40456 | Vaults:5 | Identified the +0 scale mail of Ennui {rElec Will++}
 40596 | Vaults:5 | Identified the +1 arbalest "Woageri" {penet, rElec Will-
                  | Int+4 SInv}
 41177 | Vaults:5 | Got a silver rune of Zot
 41608 | D:12     | You paid a toll of 5 scrolls of fear to enter a treasure
                  | trove
 41609 | Trove    | Entered a treasure trove
 41634 | Trove    | Identified the amulet of Ludwof {Faith Int+3}
 41637 | Trove    | Identified the amulet "Odixoops" {Acrobat Harm MP-9 Int+4}
 41639 | Trove    | Identified the amulet "Kuez" {Reflect rF++ Int+2 SH+5}
 41721 | D:12     | Lost mutation: You are weak. (Str -2) [potion of mutation]
 41721 | D:12     | Lost mutation: Your spells are a little easier to cast, but
                  | a little less powerful. [potion of mutation]
 41721 | D:12     | Gained mutation: You do not regenerate when monsters are
                  | visible. [potion of mutation]
 41722 | D:12     | Lost mutation: You sometimes lose your temper in combat.
                  | [potion of mutation]
 41722 | D:12     | Lost mutation: You expend magic power (3 MP) to strengthen
                  | your wands. [potion of mutation]
 41722 | D:12     | Gained mutation: You are agile. (Dex +4, Str/Int -1)
                  | [potion of mutation]
 41722 | D:12     | Gained mutation: You have a pair of large horns on your
                  | head. [potion of mutation]
 41722 | D:12     | Gained mutation: Your muscles are strong. (Str +4, Int/Dex
                  | -1) [potion of mutation]
 41723 | D:12     | Lost mutation: Your muscles are strong. (Str +4, Int/Dex
                  | -1) [potion of mutation]
 41723 | D:12     | Lost mutation: You are robust. (+10% HP) [potion of
                  | mutation]
 41723 | D:12     | Lost mutation: You do not regenerate when monsters are
                  | visible. [potion of mutation]
 41723 | D:12     | Gained mutation: You are weak. (Str -2) [potion of
                  | mutation]
 41723 | D:12     | Gained mutation: You are very agile. (Dex +8, Str/Int -2)
                  | [potion of mutation]
 41723 | D:12     | Gained mutation: You have hoof-like feet. [potion of
                  | mutation]
 42076 | Crypt:3  | Killed Vv
 42220 | Crypt:3  | Reached XP level 25. HP: 241/257 MP: 31/31
 42231 | Crypt:3  | Reached skill level 5 in Translocations
 42352 | Crypt:3  | Found a staircase to the Tomb.
 42404 | Crypt:3  | Identified the ring of the Jester {rC+ Int+6}
 42537 | Crypt:3  | Got the Parchment of the Stag
 42922 | Depths:1 | Voluntarily entered the Abyss.
 43520 | Abyss:3  | Found a burning altar of Makhleb.
 43601 | Abyss:3  | Found a corrupted altar of Lugonu.
 43721 | Abyss:3  | Found a corrupted altar of Lugonu.
 43919 | Abyss:3  | Found a corrupted altar of Lugonu.
 43919 | Abyss:3  | Found a corrupted altar of Lugonu.
 43923 | Abyss:3  | Paralysed by accursed screaming for 1 turns
 43929 | Abyss:3  | Paralysed by accursed screaming for 2 turns
 43933 | Abyss:3  | Got an abyssal rune of Zot
 43984 | Depths:1 | Escaped the Abyss
 44346 | D:12     | Bought a scroll of blinking for 112 gold pieces
 44346 | D:12     | Bought a scroll of silence for 142 gold pieces
 44477 | Lair:1   | Lost the earthy gem through the power of Zot.
 44841 | Lair:5   | Found a viscous altar of Jiyva.
 44850 | Lair:5   | Found a staircase to the Slime Pits.
 44859 | Slime:1  | Entered Level 1 of the Pits of Slime
 44899 | Lair:5   | Learned a level 4 spell: Manifold Assault
 44989 | Slime:3  | Paralysed by a formless jellyfish for 1 turns
 44990 | Slime:3  | Gained mutation: You are occasionally teleported next to
                  | monsters. [a shining eye]
 44992 | Slime:3  | Gained mutation: Potions are less effective at restoring
                  | your health. [a shining eye]
 44995 | Slime:3  | Paralysed by a formless jellyfish for 1 turns
 45059 | Slime:4  | Gained mutation: You do not regenerate when monsters are
                  | visible. [a shining eye]
 45123 | Slime:5  | Entered Level 5 of the Pits of Slime
 45241 | Slime:5  | Found a viscous altar of Jiyva.
 45290 | Slime:5  | Gained mutation: Potions cannot restore your health. [a
                  | shining eye]
 45292 | Slime:5  | Gained mutation: You are frail. (-10% HP) [a shining eye]
 45356 | Slime:5  | Noticed the Royal Jelly
 45378 | Slime:5  | Killed the Royal Jelly
 45424 | Slime:5  | Identified the +12 morningstar of Oseuf {flame, rElec rPois
                  | Int+2}
 45430 | Slime:5  | Got a starry gem with 121 turns to spare
 45433 | Slime:5  | Got a slimy rune of Zot
 45447 | Slime:5  | Identified the +9 flail "Gydanye" {holy, *Slow Int+3 Dex+4}
 45465 | Slime:5  | Reached skill level 10 in Spellcasting
 45465 | Slime:5  | Reached XP level 26. HP: 239/239 MP: 36/36
 45524 | Slime:5  | Acquired 838 gold pieces
 45551 | Slime:5  | Lost the starry gem through the power of Zot.
 45718 | Slime:2  | Lost mutation: You are very agile. (Dex +8, Str/Int -2) [a
                  | shining eye]
 45730 | Slime:2  | Reached skill level 10 in Translocations
 45736 | Slime:2  | Gained mutation: Your spells are a little easier to cast,
                  | but a little less powerful. [a shining eye]
 45738 | Slime:2  | Gained mutation: You sometimes lose your temper in combat.
                  | [a shining eye]
 45741 | Slime:2  | Gained mutation: Your body sometimes deteriorates upon
                  | taking damage. [a shining eye]
 45764 | Slime:1  | Lost mutation: You are agile. (Dex +4, Str/Int -1) [a
                  | shining eye]
 46095 | Depths:3 | Lost the midnight gem through the power of Zot.
 46152 | Zot:1    | Entered Level 1 of the Realm of Zot
 46396 | Zot:1    | Reached skill level 1 in Shields
 46473 | Zot:2    | Reached skill level 5 in Shields
 47418 | Zot:3    | Noticed Parghit
 47467 | Zot:2    | Killed Parghit
 47554 | Zot:3    | Reached skill level 10 in Shields
 48521 | Zot:4    | Noticed Grunn
 48532 | Zot:4    | Killed Grunn
 48547 | Zot:4    | Reached skill level 15 in Shields
 48729 | Zot:4    | Noticed an orb of fire
 48739 | Zot:4    | Gained mutation: You have an uncontrollable temper. [an orb
                  | of fire]
 48740 | Zot:4    | Gained mutation: Your spells are easier to cast, but less
                  | powerful. [an orb of fire]
 48743 | Zot:4    | Gained mutation: You are very frail. (-20% HP) [an orb of
                  | fire]
 48746 | Zot:4    | Gained mutation: Your spells are much easier to cast, but
                  | much less powerful. [an orb of fire]
 48749 | Zot:4    | Killed an orb of fire
 49073 | Zot:1    | Reached XP level 27. HP: 218/218 MP: 1/36
 49360 | Zot:1    | Reached skill level 1 in Evocations
 50235 | Zig:1    | Entered Level 1 of a ziggurat
 50252 | Zig:2    | Entered Level 2 of a ziggurat
 50284 | Zig:3    | Entered Level 3 of a ziggurat
 50284 | Zig:3    | Noticed Jioc Opp the pandemonium lord
 50308 | Zig:3    | Killed Jioc Opp the pandemonium lord
 50309 | Zig:3    | Reached skill level 5 in Evocations
 50355 | Zig:3    | Identified the ring "Coscheuch" {Fly rC+ rCorr Str-4 Dex+2}
 50361 | Zig:4    | Entered Level 4 of a ziggurat
 50393 | Zig:4    | Lost mutation: You are very frail. (-20% HP) [potion of
                  | mutation]
 50393 | Zig:4    | Lost mutation: Your spells are much easier to cast, but
                  | much less powerful. [potion of mutation]
 50393 | Zig:4    | Lost mutation: You are weak. (Str -2) [potion of mutation]
 50393 | Zig:4    | Lost mutation: Your spells are easier to cast, but less
                  | powerful. [potion of mutation]
 50393 | Zig:4    | Gained mutation: You are strong-willed. (Will+) [potion of
                  | mutation]
 50414 | Zig:5    | Entered Level 5 of a ziggurat
 50415 | Zig:5    | Noticed Mittol the pandemonium lord
 50419 | Zig:6    | Entered Level 6 of a ziggurat
 50430 | Zig:6    | Noticed Hayv Ami the pandemonium lord
 50552 | Depths:4 | Upgraded the game from 0.31-a0-1606-g60c5cc7444 to
                  | 0.31-a0-1612-g4aaf141004
 50922 | Zot:4    | Identified the +6 hand axe of Checkmate {protect, *Corrode
                  | Will++ Dex+3}
 51260 | Zot:5    | Entered Level 5 of the Realm of Zot
 51443 | Zot:5    | Gained mutation: Armour fits poorly on your strangely
                  | shaped body. [mutagenic glow]
 51476 | Zot:5    | Gained mutation: Your magical capacity is low. (-10% MP)
                  | [mutagenic glow]
 51541 | Zot:5    | Reached skill level 10 in Evocations
 51551 | Zot:5    | Noticed an orb of fire
 52372 | Depths:3 | Found an ancient bone altar of Kikubaaqudgha.
 52396 | Depths:3 | Identified the +1 robe of Infinity {rPois}
 52409 | Depths:3 | Identified the +0 robe of Nihilism {-Tele rPois Will+
                  | Int+7}
 54020 | Elf:1    | Found Xitymp's General Store.
 54028 | Elf:1    | Bought a potion of might for 56 gold pieces
 54176 | Elf:1    | Found Ecaogidi's Armour Shop.
 54323 | Elf:1    | Found Mawnixum's Antique Armour Emporium.
 54327 | Elf:1    | Bought a pair of shimmering gloves for 332 gold pieces
 54327 | Elf:1    | Identified the +1 pair of gloves "Tinur" {rCorr Str+3} (You
                  | bought it in a shop on level 1 of the Elven Halls)
 54346 | Elf:1    | Lost the shimmering gem through the power of Zot.
 54996 | Elf:2    | Found a runed translucent gate.
 54997 | Elf:2    | Found a runed translucent gate.
 54997 | Elf:2    | Found a runed translucent gate.
 56445 | Spider:1 | Lost the milky-white gem through the power of Zot.
 58848 | Shoals:1 | Lost the azure gem through the power of Zot.
 59619 | Shoals:3 | Reached skill level 15 in Evocations
 60357 | Shoals:4 | Identified the +1 ring mail "Tulir" {Will+ Regen+ MP+9
                  | Int+3}
 60469 | Shoals:4 | Identified the staff of Somewhere Else {*Slow +Blink rF+
                  | Conj}
 60866 | Shoals:4 | Lost mutation: Your body sometimes deteriorates upon taking
                  | damage. [potion of mutation]
 60866 | Shoals:4 | Lost mutation: Your spells are a little easier to cast, but
                  | a little less powerful. [potion of mutation]
 60866 | Shoals:4 | Lost mutation: You are frail. (-10% HP) [potion of
                  | mutation]
 60866 | Shoals:4 | Gained mutation: You passively map a small area around you.
                  | [potion of mutation]
 61373 | Zot:5    | Noticed an orb of fire
 61395 | Zot:5    | Noticed an orb of fire
 61396 | Zot:5    | Gained mutation: Your body sometimes deteriorates upon
                  | taking damage. [an orb of fire]
 61399 | Zot:5    | Noticed an orb of fire
 61404 | Zot:5    | Gained mutation: You are frail. (-10% HP) [an orb of fire]
 61406 | Zot:5    | Killed an orb of fire
 61412 | Zot:5    | Gained mutation: Your magical capacity is very low. (-20%
                  | MP) [an orb of fire]
 61420 | Zot:5    | Killed an orb of fire
 61432 | Zot:5    | Gained mutation: You are very frail. (-20% HP) [an orb of
                  | fire]
 61434 | Zot:5    | Noticed an orb of fire
 61434 | Zot:5    | Noticed an orb of fire
 61434 | Zot:5    | Killed an orb of fire
 61458 | Zot:4    | Gained mutation: Your body often deteriorates upon taking
                  | damage. [an orb of fire]
 61466 | Zot:4    | Killed an orb of fire
 61559 | Zot:5    | Noticed a dread lich
 61573 | Zot:5    | Killed an orb of fire
 61587 | Zot:5    | Killed a dread lich
 61624 | Zot:5    | Noticed an ancient lich
 61644 | Zot:5    | Mangled by an Orb Guardian

Illustrated notes

Levels and vault maps discovered:
D:1:      psy_arrival_basics, layout_basic, dilly_ecumenical_altar_fadedgnrine,
          hangedman_feature_mirror
D:2:      layout_basic, minmay_statues_item, minmay_crystal_water, uniq_sigmund,
          uniq_robin
D:3:      layout_rooms, gammafunk_ghost_cemetery
D:4:      layout_basic, uniq_grinder
D:5:      layout_basic, mainiacjoe_overflow_paths, mainiacjoe_overflow_catwalk,
          mainiacjoe_overflow_cross_hatched, minmay_checkerbox, uniq_edmund,
          uniq_pikel
D:6:      layout_loops_cross, grunt_temple_overflow_lords_of_destruction
D:7:      layout_loops_corners, nicolae_overflow_hidden_temple,
          minmay_temple_entry_butterflies, uniq_maurice, uniq_joseph
D:8:      gammafunk_wand_slinger, layout_rooms, hex_intersection
D:9:      cheibrodos_shockbox, layout_cave_pools, nicolae_ashenzari_skybound,
          mainiacjoe_overflow_concentric_impassable,
          chequers_temple_overflow_statue_of_worship, hellmonk_lair_entry_icy,
          serial_glass, glass_columns_a, glass_columns_b, glass_columns_b,
          glass_columns_a, glass_columns_b
D:10:     nicolae_BIG_FREAKIN_CUBE, layout_cross, nicolae_overflow_crystal_walls
D:11:     layout_gridville
D:12:     regret_index_infernal_bastille, layout_loops_ring, orc_0_dummy,
          serial_aquarium, aquarium_bridge_long_separate
          [aquarium_subvault_window, aquarium_subvault_bridge,
          aquarium_subvault_bridge, aquarium_subvault_window,
          aquarium_subvault_bridge, aquarium_subvault_bridge],
          aquarium_window_2, aquarium_window_2, aquarium_window_fake,
          aquarium_view_2b, aquarium_view_2c, nicolae_trove_entry_columns
D:13:     layout_gridville, uniq_erolcha, uniq_sonja
D:14:     layout_grid_maze, grunt_vaults_entry_fortified, serial_rivers,
          chequers_serial_rivers_marsh, chequers_serial_rivers_small_b,
          chequers_serial_rivers_micro_a, chequers_serial_rivers_marsh,
          uniq_nessos
D:15:     hangedman_depths_entry_try_elsewhere_first, layout_long_grid,
          vehumet_crystals, uniq_josephine, uniq_louise
Temple:   minmay_freezing_vapour_temple
Lair:1:   layout_misc_corridors, st_stairs_13, serial_bayou_shore_b,
          serial_bayou_shore_a, infiniplex_staircase_pool_2,
          serial_bayou_shore_b, uniq_fannar
Lair:2:   gammafunk_worm_tunnel, layout_cave_shapes,
          mainiacjoe_shoals_entry_four_pools, lemuel_fruit_tree
Lair:3:   layout_cave_pods, nicolae_spider_entry_lesser_pyramids, uniq_nergalle
Lair:4:   layout_loops_ring, gauntlet_entry_generic, st_stairs_7
Lair:5:   gammafunk_lair_ancient_temple, layout_regular_city, slime_entry_1,
          nicolae_volcano_entry_hallway, pond
Shoals:1: layout_shoals, yaktaur_hedge
Shoals:2: layout_shoals, serial_shops, shop, uniq_ilsuiw, uniq_mlioglotl,
          uniq_polyphemus
Shoals:3: layout_shoals, nicolae_shoals_hunting_party
Shoals:4: shoals_end_simple, layout_shoals
Spider:1: spiders_nest_scorpion_pit, spiders_nest_hornet_nest
Spider:2: layout_cave_pods
Spider:3: layout_spider_delve
Spider:4: spider_rune_water, gammafunk_ghost_split
Slime:1:  layout_caves, cheibrodos_slime_lost_civilization_5
Slime:2:  layout_caves
Slime:3:  layout_caves, nicolae_slime_rock_hall_of_fame
Slime:4:  layout_caves
Slime:5:  slime_pit_nicolae_amoeboid
Orc:1:    layout_caves
Orc:2:    grunt_orc_cross, layout_caves, serial_shops, shop, uniq_donald
Elf:1:    nicolae_elf_arrival_fired_up, layout_loops_corners, serial_shops,
          shop, shop, shop, shop, minmay_elf_sorcery
Elf:2:    nicolae_elf_blades_crystal_corner, layout_geoelf_octagon
Elf:3:    grunt_elf_hall_spiral, layout_loops_corners, minivault_23
Vaults:1: hangedman_vaults_hat, nicolae_vaults_diagonal_hallway_9,
          nicolae_vaults_wine_cellar, nicolae_vaults_turnstiles,
          nicolae_vaults_apartment_1, nicolae_vaults_mini_display_case,
          ontoclasm_vaults_gateway, nicolae_vaults_tetromino_Z_2,
          nicolae_vaults_surprise_closet, layout_vaults_omnigrid, uniq_norris
Vaults:2: dpeg_vaults_monster_row, nicolae_vaults_house_2,
          nicolae_vaults_twisting_passages, hangedman_vaults_stagger,
          nicolae_vaults_shelves_hall, nicolae_vaults_apartment_2,
          nicolae_vaults_double_plus_1, nicolae_vaults_bisected_slash,
          layout_vaults_omnicross, uniq_frederick, uniq_jory
Vaults:3: infiniplex_enter_wizlab_water, nicolae_vaults_diamond_1, v_rooms_4,
          minmay_crypt_entry_necro_gods, v_misc_27, v_misc_22,
          hangedman_vaults_cutoff, ontoclasm_vaults_twist, vaults_room_hallway,
          nicolae_vaults_spaceships, nicolae_vaults_closet_pinwheel_1,
          v_alt_pattern_6, nicolae_vaults_little_squares_1,
          nicolae_vaults_storage_room_glass, v_alt_pattern_4,
          ontoclasm_vaults_ligature, nicolae_vaults_little_squares_4,
          ontoclasm_vaults_pinch, layout_vaults_omnibox, serial_shops,
          nicolae_shop_tiny_glass, uniq_margery
Vaults:4: ontoclasm_vaults_shuriken, vaults_mumra_chevron_long,
          nicolae_vaults_six-pack, nicolae_vaults_heart-shaped_vault,
          vaults_room_door_hall, dpeg_vaults_monster_box,
          nicolae_vaults_three_branches, hangedman_vaults_variations,
          nicolae_vaults_asterisk, layout_vaults_chaotic_city
Vaults:5: serial_shops
Crypt:1:  layout_chaotic_city, grunt_megastairs_4, grunt_crypt_arrival_split
Crypt:2:  layout_gridlike
Crypt:3:  grunt_crypt_end_deaths_head, uniq_bai_suzhen, uniq_vv
Depths:1: layout_basic, abyss_entry_crystal, grunt_metal_band, nicolae_sextant,
          hangedman_decor_riveting, serial_bayou_pond_d, minmay_alternating_orb
Depths:2: minmay_complete_graph, layout_basic, rand_demon_pan_entry_9,
          infiniplex_staircase_zigzag_2, hell_entry
Depths:3: lemuel_vampire_tower, layout_cave_shapes, gammafunk_ghost_arena,
          abyss_entry, rand_demon_pan_entry_8, hell_entry,
          reono_crystal_passage, infiniplex_staircase_pillars_3a
Depths:4: hangedman_pleasuredromes, hell_entry, pan_entry, abyss_entry
Zot:1:    hangedman_zot_vaults_quadrants, layout_concentric_octagons
Zot:2:    kennysheep_room_grid, layout_gridlike
Zot:3:    layout_gridville, zot_minivault_8, uniq_parghit
Zot:4:    layout_cellular_growth, st_stairs_3, uniq_josephina, uniq_grunn
Zot:5:    layout_basic

Skill      XL: |  1  2  3  4  5  6  7  8  9 10 11 12 13 14 15 16 17 18 19 20 21 22 23 24 25 26 27 |
---------------+----------------------------------------------------------------------------------+-----
Fighting       | 1 2 3 4 5 6 8 9 11 14 15 17 18 20 21 22 24 25 26 27 | 27.0
Polearms       | 1 3 4 6 7 8 |  8.6
Spellcasting   | 2 3 4 6 10 | 10.5
Armour         | 1 4 6 8 9 12 14 16 18 19 20 22 23 25 27 | 27.0
Axes           | 3 7 11 15 19 20 | 20.0
Ice Magic      | 6 9 11 12 13 | 13.1
Dodging        | 3 8 11 14 16 17 18 20 | 20.6
Translocations | 4 9 10 | 10.4
Shields        | 16 17 | 17.5
Evocations     | 16 | 16.8
Stealth        | |  1.5
Conjurations   | |  0.6
Alchemy        | |  2.1

Action                     |  1- 3 |  4- 6 |  7- 9 | 10-12 | 13-15 | 16-18 | 19-21 | 22-24 | 25-27 || total
---------------------------+-------+-------+-------+-------+-------+-------+-------+-------+-------++-------
  Melee: Unarmed           |    35 |       |       |       |       |       |       |       |       ||    35
         Headbutt          |    13 |    13 |    51 |    77 |   258 |   344 |   441 |   369 |   737 ||  2303
         Trident           |    62 |   105 |   272 |       |       |       |       |       |       ||   439
         Kick              |     3 |    22 |    57 |   129 |   106 |       |       |       |       ||   317
         Punch             |       |     1 |       |       |     1 |       |       |       |     3 ||     5
         Battleaxe         |       |       |    51 |   414 |  1003 |  1341 |  1457 |  1098 |  2012 ||  7376
         Hand axe          |       |       |       |    27 |       |       |       |       |       ||    27
         Demon trident     |       |       |       |       |    18 |    16 |       |       |       ||    34
         Eveningstar       |       |       |       |       |       |       |     4 |       |       ||     4
         Broad axe         |       |       |       |       |       |       |       |       |    19 ||    19
         Morningstar       |       |       |       |       |       |       |       |       |    69 ||    69
  Throw: Throwing net      |       |       |     6 |     4 |     1 |     2 |     7 |       |       ||    20
         Javelin           |       |       |       |       |     2 |     1 |       |       |       ||     3
   Cast: Sting             |    10 |     2 |    10 |       |       |       |       |       |       ||    22
         Mercury Vapours   |       |       |     1 |       |       |       |       |       |       ||     1
         Frozen Ramparts   |       |       |       |       |       |       |     1 |       |       ||     1
         Lesser Beckoning  |       |       |       |       |       |       |       |       |    38 ||    38
         Manifold Assault  |       |       |       |       |       |       |       |       |     2 ||     2
 Invoke: Call Merchant     |       |       |       |     2 |     1 |     1 |     1 |     3 |     3 ||    11
         Potion Petition   |       |       |       |       |     1 |     5 |     3 |     3 |    13 ||    25
         Bribe Branch      |       |       |       |       |       |       |       |       |     1 ||     1
  Evoke: Wand              |       |     1 |     3 |    15 |    12 |     9 |     2 |     1 |    10 ||    53
         Lightning rod     |       |       |       |       |       |     1 |       |       |       ||     1
         Condenser vane    |       |       |       |       |       |     1 |     1 |     2 |     1 ||     5
    Use: Potion            |     2 |     3 |     4 |     7 |    10 |    12 |    14 |     9 |    19 ||    80
         Scroll            |     6 |     5 |    12 |     9 |    19 |    15 |    20 |    11 |    26 ||   123
   Stab: Held in net/web   |       |       |     1 |     1 |     3 |     1 |     7 |       |       ||    13
         Paralysed         |       |       |     3 |       |       |       |     2 |       |       ||     5
         Sleeping          |       |       |     1 |     1 |     1 |       |       |       |       ||     3
         Distracted        |       |       |       |     5 |     7 |    14 |     9 |     8 |    18 ||    61
         Petrified         |       |       |       |       |       |     1 |       |       |       ||     1
         Confused          |       |       |       |       |       |     2 |     1 |     1 |       ||     4
         Invisible         |       |       |       |       |       |       |    12 |     8 |    10 ||    30
 Armour: Robe              |    22 |       |       |       |       |       |       |       |       ||    22
         Ring mail         |    21 |    53 |   132 |       |       |       |       |       |       ||   206
         Steam dragon scal |       |       |    67 |   453 |   205 |       |       |       |       ||   725
         Skin              |       |       |       |    10 |    50 |       |       |       |     9 ||    69
         Plate armour      |       |       |       |       |   743 |  1945 |  1175 |   759 |   656 ||  5278
         Gold dragon scale |       |       |       |       |       |       |       |       |   747 ||   747
         Chain mail        |       |       |       |       |       |       |       |       |   269 ||   269
  Dodge: Dodged            |    51 |    36 |   135 |   319 |   298 |   544 |   891 |   802 |  2004 ||  5080
         Repelled          |       |       |       |       |       |    12 |    24 |    30 |    85 ||   151
  Block: Other             |       |       |       |       |       |       |       |     5 |    49 ||    54

Table legend: (Time is in decaauts)
 A = Elapsed time spent in this place.
 B = Non-inter-level travel time spent in this place.
 C = Inter-level travel time spent in this place.
 D = Time resting spent in this place.
 E = Time spent auto-exploring this place.
 F = Levels seen in this place.
 G = Mean time per level.
                   A        B        C        D        E       F      G
               +--------+--------+--------+--------+--------+-----+--------+
         Total |  60030 |  51409 |   8621 |   3168 |  17603 |  68 |  882.8 |
       Dungeon |  19185 |  15255 |   3930 |   2020 |   8352 |  15 | 1279.0 |
        Temple |     14 |      9 |      5 |      0 |      0 |   1 |   14.0 |
          Lair |   4413 |   3539 |    874 |     78 |    595 |   5 |  882.6 |
        Shoals |   3897 |   3625 |    272 |      3 |   1876 |   4 |  974.2 |
   Spider Nest |   4487 |   4065 |    422 |    110 |   2162 |   4 | 1121.8 |
    Slime Pits |    822 |    774 |     48 |      2 |      0 |   5 |  164.4 |
  Orcish Mines |   2086 |   1692 |    394 |     58 |   1063 |   2 | 1043.0 |
   Elven Halls |   3311 |   3072 |    239 |      3 |   1451 |   3 | 1103.7 |
        Vaults |   6456 |   5416 |   1040 |     16 |     16 |   5 | 1291.2 |
         Crypt |   2808 |   2407 |    401 |      9 |     44 |   3 |  936.0 |
        Depths |   4819 |   4287 |    532 |    110 |   1071 |   4 | 1204.8 |
           Zot |   5327 |   4866 |    461 |    642 |    931 |   5 | 1065.4 |
         Abyss |   1200 |   1200 |      0 |     11 |     41 |   3 |  400.0 |
      Ziggurat |    185 |    185 |      0 |     50 |      0 |   6 |   30.8 |
         Trove |     90 |     90 |      0 |      0 |      0 |   1 |   90.0 |
        Wizlab |    519 |    519 |      0 |     18 |      0 |   1 |  519.0 |
      Gauntlet |    405 |    405 |      0 |     35 |      0 |   1 |  405.0 |
               +--------+--------+--------+--------+--------+-----+--------+

Top non-repeatable levels by time:
    D:12: 2248 daAuts
    D:14: 1667 daAuts
Vaults:5: 1597 daAuts
     D:5: 1578 daAuts
     D:9: 1528 daAuts
   Orc:2: 1511 daAuts
     D:4: 1504 daAuts
Vaults:3: 1488 daAuts
Depths:3: 1404 daAuts
   Zot:1: 1399 daAuts
   Elf:3: 1319 daAuts
Spider:2: 1270 daAuts
     D:8: 1260 daAuts
   Zot:4: 1234 daAuts
Vaults:2: 1233 daAuts
